 Dungeon Crawl Stone Soup version 0.25.1-2-g60ff931df9 (webtiles) character file.

Game seed: 1158721143993753841

3457 Eitelfritz the Carver (level 9, -1/80 HPs)
             Began as a Deep Dwarf Fighter on Sept 26, 2020.
             Was a Follower of Makhleb.
             Killed by divine providence
             ... invoked by an orc priest
              (9 damage)
             ... on level 8 of the Dungeon.
             The game lasted 00:29:24 (7142 turns).

Eitelfritz the Carver (Deep Dwarf Fighter)          Turns: 7142, Time: 00:29:25

Health: -1/80      AC: 15    Str: 22    XL:     9   Next: 78%
Magic:  12/12      EV:  7    Int: 10    God:    Makhleb [*.....]
Gold:   206        SH: 10    Dex: 12    Spells: 8/8 levels left

rFire    . . .     SeeInvis .   a - +1 long sword (vorpal)
rCold    x . .     Gourm    .   c - +0 kite shield
rNeg     + . .     Faith    .   m - +0 chain mail
rPois    .         Spirit   .   l - +1 helmet
rElec    .         Reflect  .   I - +0 cloak
rCorr    .         Harm     .   k - +0 pair of gloves
MR       ++...                  (no boots)
Stlth    +.........             (no amulet)
HPRegen  0.00/turn              z - ring "Jyiloimef" {rC- rN+ MR+ Stlth+}
MPRegen  0.13/turn              s - +4 ring of slaying

@: non-regenerating, studying Staves
A: damage resistance, heal wounds, sense surroundings 2, no regeneration
a: Heal Wounds, Renounce Religion


You were on level 8 of the Dungeon.
You worshipped Makhleb.
Makhleb was aware of your devotion.
You were not hungry.

You visited 2 branches of the dungeon, and saw 9 of its levels.
You also visited: Ossuary.

You collected 342 gold pieces.
You spent 136 gold pieces at shops.

Inventory:

Hand Weapons
 a - a +1 vorpal long sword (weapon)
 A - a +2 flail of holy wrath
Missiles
 j - 194 stones (quivered)
 D - 2 throwing nets
 J - 3 curare-tipped darts
Armour
 b - a +0 scale mail
 c - a +0 kite shield (worn)
 k - a +0 pair of gloves (worn)
 l - a +1 helmet (worn)
 m - a +0 chain mail (worn)
 I - a +0 cloak (worn)
Jewellery
 i - an uncursed ring of wizardry
 s - a +4 ring of slaying (right hand)
 x - a cursed amulet of inaccuracy {unknown}
 z - the ring "Jyiloimef" (left hand) {rC- rN+ MR+ Stlth+}
   (You found it on level 4 of the Dungeon)

   [ring of stealth]

   It makes you vulnerable to cold.
   It protects you from negative energy.
   It affects your resistance to hostile enchantments.
   It makes you more stealthy.
Wands
 h - a wand of flame (15)
 w - a wand of paralysis (5)
 y - a wand of disintegration (18)
Scrolls
 d - 2 scrolls of fear
 o - a scroll of enchant armour
 p - 9 scrolls of remove curse
 q - 2 scrolls of amnesia
 C - 2 scrolls of teleportation
 F - a scroll of magic mapping
 H - 4 scrolls of identify
Potions
 e - 9 potions of curing
 g - 2 potions of stabbing
 n - a potion of brilliance {unknown}
 t - 2 potions of invisibility
 u - 5 potions of haste {unknown}
 v - 2 potions of flight
 B - 2 potions of mutation {unknown}
 G - 2 potions of heal wounds
Books
 r - a manual of Staves
Comestibles
 f - 13 rations
 E - 5 chunks of flesh


   Skills:
 + Level 4.9 Fighting
 + Level 8.6 Long Blades
 + Level 3.8 Throwing
 + Level 6.6 Armour
 + Level 1.8 Dodging
 + Level 5.7 Stealth
 + Level 5.6 Shields
 * Level 4.5 Invocations
 + Level 1.5 Evocations


You had 8 spell levels left.
You didn't know any spells.
Your spell library was empty.

Dungeon Overview and Level Annotations

Branches:
Dungeon (8/15)             Temple (1/1) D:6         Ossuary (visited)
   Lair: D:8-11

Altars:
Ashenzari
Cheibriados
Dithmenos
Elyvilon
Fedhas
Gozag
Hepliaklqana
Kikubaaqudgha
Makhleb
Nemelex Xobeh
Okawaru
Qazlal
Ru
Sif Muna
Trog
Uskayaw
Vehumet
Wu Jian
Xom
Yredelemnul
Zin
The Shining One

Shops:
D:6 (!![   D:7 :


Innate Abilities, Weirdness & Mutations

You are resistant to damage.
You can heal yourself by infusing magical energy.
You passively map the area around you.
You do not regenerate.


Message History

q - 2 scrolls of amnesia (gained 1)
Things that are here:
a +0 whip; a +0 ring mail; an orc skeleton An orc comes into view.
Found a twisted opal ring.
An orc priest comes into view. It is wielding a +0 hand axe.
The orc priest shouts!
A crimson imp comes into view.
An orc comes into view. It is wielding a +0 hand axe.
You see here 23 bolts.
You closely miss the orc.
The crimson imp shouts!
The orc priest invokes the aid of Beogh against you.
Beogh smites you!
* * * LOW HITPOINT WARNING * * *
The orc hits you but does no damage.
You hit the orc but do no damage.
The orc priest mumbles some strange prayers to Beogh against you.
Beogh smites you!
You die...

* #### ....,, , , .....,
....5 * ######### ,
..=... #.......####### *
,
,......###..<.)........#
,
,...........)..........#
***
.o....o@..............#
..................#####
* * .o.###########....#
, ., * , #....### * *
,#......# ≈ * ≈ #.....##
≈* , * , ≈ #....## ,*
#....# ,,,≈ ≈ #....#


You could see an orc priest, a crimson imp and 2 orcs.

Vanquished Creatures
  Harold (D:7)
  Pikel (D:5)
  Grinder (D:4)
  Sigmund (D:4)
  Edmund (D:4)
  Menkaure (D:6)
  3 phantoms
  A necrophage (D:7)
  2 ogres
  A centaur (D:6)
  Blork the orc (D:5)
  3 bullfrogs (D:6)
  A scorpion (D:7)
  A howler monkey (D:4)
  A bullfrog zombie (D:5)
  3 jellies
  2 hounds (D:5)
  3 orc wizards
  Crazy Yiuf (D:3)
  An iguana (D:6)
  Jessica (D:2)
  A worker ant (D:4)
  13 mummies
  7 gnolls (D:3)
  8 adders
  A shadow imp (D:5)
  5 worms
  2 dart slugs
  4 leopard geckos
  13 orcs
  A ball python (D:3)
  6 giant cockroaches
  4 hobgoblins
  7 jackals
  7 kobolds
  7 quokkas
  4 bats
  8 frilled lizards
  4 gnoll skeletons (Ossuary)
  8 goblins
  3 goblin skeletons (Ossuary)
  A jackal skeleton (D:5)
  A leopard gecko skeleton (D:8)
  An orc skeleton (Ossuary)
  2 quokka skeletons
  15 rats
  11 rat skeletons (Ossuary)
175 creatures vanquished.

Notes
Turn   | Place    | Note
-------+----------+-------------------------------------------
     0 | D:1      | Eitelfritz the Deep Dwarf Fighter began the quest for the
                  | Orb.
     0 | D:1      | Reached XP level 1. HP: 20/20 MP: 1/1
   245 | D:1      | Reached XP level 2. HP: 28/28 MP: 2/2
   956 | D:2      | Reached XP level 3. HP: 32/34 MP: 3/3
  1065 | D:2      | Noticed Jessica
  1078 | D:2      | Killed Jessica
  1078 | D:2      | Reached skill level 1 in Throwing
  1132 | D:2      | Reached XP level 4. HP: 40/42 MP: 4/4
  1500 | D:2      | Found a sparkling altar of Nemelex Xobeh.
  2062 | D:3      | Found a runed translucent door.
  2063 | D:3      | Noticed Crazy Yiuf
  2245 | D:3      | Reached XP level 5. HP: 32/49 MP: 5/5
  2255 | D:3      | Reached skill level 3 in Long Blades
  2880 | D:4      | Got a brightly glowing lead ring
  2891 | D:4      | Noticed Sigmund
  2904 | D:4      | Killed Sigmund
  2904 | D:4      | Reached skill level 1 in Stealth
  2904 | D:4      | Reached XP level 6. HP: 29/56 MP: 6/6
  3003 | D:4      | Noticed Edmund
  3042 | D:4      | Killed Edmund
  3042 | D:4      | Reached skill level 4 in Long Blades
  3042 | D:4      | Reached XP level 7. HP: 25/62 MP: 7/7
  3102 | D:4      | Noticed Grinder
  3111 | D:4      | Killed Grinder
  3177 | D:4      | Reached skill level 5 in Armour
  3447 | D:4      | Noticed a moth of wrath
  3450 | D:4      | Found a bloodstained altar of Trog.
  3670 | D:4      | Identified the ring "Jyiloimef" {rC- rN+ MR+ Stlth+} (You
                  | found it on level 4 of the Dungeon)
  3730 | D:5      | Entered Level 5 of the Dungeon
  3748 | D:5      | Reached skill level 1 in Dodging
  3762 | D:5      | Reached skill level 5 in Long Blades
  3917 | D:5      | Found an ancient bone altar of Kikubaaqudgha.
  3927 | D:5      | Reached XP level 8. HP: 21/72 MP: 8/8
  3969 | D:5      | Noticed Blork the orc
  3976 | D:5      | Killed Blork the orc
  3976 | D:5      | Reached skill level 1 in Evocations
  4071 | D:5      | Found a glowing golden altar of the Shining One.
  4338 | D:5      | Noticed Pikel
  4353 | D:5      | Killed Pikel
  4353 | D:5      | Reached skill level 6 in Long Blades
  4353 | D:5      | Reached skill level 5 in Shields
  4421 | D:6      | Found a shimmering altar of Xom.
  4421 | D:6      | Found a white marble altar of Elyvilon.
  4426 | D:6      | Found a sacrificial altar of Ru.
  4426 | D:6      | Found a shadowy altar of Dithmenos.
  4453 | D:6      | Reached skill level 5 in Stealth
  4457 | D:6      | Reached skill level 7 in Long Blades
  4461 | D:6      | Found a staircase to the Ecumenical Temple.
  4481 | Temple   | Entered the Ecumenical Temple
  4499 | Temple   | Became a worshipper of Makhleb the Destroyer
  4557 | D:6      | Found Humucvux's Weapon Emporium.
  4641 | D:6      | Found a sand-covered staircase.
  4652 | Ossuary  | Entered an ossuary
  4873 | Ossuary  | Gained mutation: You passively map the area around you.
                  | [Deep Dwarf growth]
  4873 | Ossuary  | Reached XP level 9. HP: 12/79 MP: 10/10
  4967 | Ossuary  | Reached skill level 1 in Invocations
  5039 | Ossuary  | Reached * piety under Makhleb
  5079 | D:6      | Noticed Menkaure
  5083 | D:6      | Killed Menkaure
  5165 | D:6      | Found Kaeshrergh's Armour Boutique.
  5199 | D:6      | Found Cuumuebe's Distillery.
  5216 | D:6      | Bought a potion of heal wounds for 70 gold pieces
  5327 | D:6      | Found Feokk's Distillery.
  5333 | D:6      | Bought a potion of heal wounds for 55 gold pieces
  5333 | D:6      | Bought a potion of degeneration for 11 gold pieces
  5552 | D:3      | Killed Crazy Yiuf
  6105 | D:7      | Found Ulyroq's Book Shop.
  6371 | D:7      | Reached skill level 8 in Long Blades
  6575 | D:7      | Noticed Harold
  6587 | D:7      | Killed Harold
  6688 | D:7      | Found a glowing silver altar of Zin.
  7142 | D:8      | Killed from afar by an orc priest

Illustrated notes

Levels and vault maps discovered:
D:1:      kennysheep_arrival_forest, layout_loops_ring, minmay_tree_intersection
D:2:      layout_basic, nemelex_xobeh_ov_fountains_minmay,
          minmay_misc_feat_hallway, minmay_pentomino_o4, uniq_jessica
D:3:      layout_basic, first_ration, uniq_crazy_yiuf_cottage
D:4:      cheibrodos_quashed, layout_gridville, tgw_trog,
          minmay_misc_feat_pillars, minmay_manual_mail, uniq_sigmund,
          uniq_grinder, uniq_edmund
D:5:      layout_basic, overflow_temple_1_default, basic_altar, uniq_pikel,
          uniq_blork_the_orc
D:6:      layout_loops_cross, grunt_temple_overflow_open,
          minmay_temple_entry_slanted, gup_ossuary_entry_pyramid, serial_shops,
          kennysheep_little_box, nicolae_shop_waterfront, shop, shop,
          uniq_menkaure
D:7:      minmay_skewed_foursquare, layout_basic, zin_statuary, serial_shops,
          shop, uniq_harold
D:8:      minmay_weird_star, layout_rooms, basic_altar
Temple:   minmay_temple_curvy_branch

Skill      XL: |  1  2  3  4  5  6  7  8  9 |
---------------+----------------------------+-----
Fighting       | 3 4 |  4.9
Throwing       | 1 2 3 |  3.8
Shields        | 4 5 |  5.6
Armour         | 4 5 6 |  6.6
Long Blades    | 3 4 5 7 8 |  8.6
Stealth        | 1 2 4 5 |  5.7
Dodging        | 1 |  1.8
Evocations     | 1 |  1.5
Invocations    | 4 |  4.5

Action                   |  1- 3 |  4- 6 |  7- 9 || total
-------------------------+-------+-------+-------++-------
Melee: Long sword        |    58 |   143 |   327 ||   528
Throw: Stone             |    23 |    49 |    46 ||   118
       Javelin           |    35 |    27 |     2 ||    64
 Abil: Heal Wounds       |       |       |     2 ||     2
Evoke: Wand              |       |     2 |     7 ||     9
  Use: Scroll            |       |       |    16 ||    16
       Potion            |       |       |     4 ||     4
 Stab: Paralysed         |       |    14 |    16 ||    30
  Eat: Chunk             |     1 |     6 |     8 ||    15
       Ration            |       |       |     2 ||     2
Armor: Scale mail        |    31 |    48 |    13 ||    92
       Chain mail        |       |       |    95 ||    95
Dodge: Dodged            |    13 |    26 |    54 ||    93
Block: Kite shield       |    24 |    73 |   106 ||   203
       Rpst.: Long sword |     4 |     7 |    14 ||    25
